 Dungeon Crawl Stone Soup version 0.28-a0-537-g3bccd9ccbf (webtiles) character file.

Game seed: 8785693997747961765

727 Tocho the Slasher (level 7, 0/54 HPs)
             Began as a Demonspawn Abyssal Knight on Sept 27, 2021.
             Was a Believer of Lugonu.
             Slain by an ogre (17 damage)
             ... on level 5 of the Dungeon.
             The game lasted 00:10:52 (6185 turns).

Tocho the Slasher (Demonspawn Abyssal Knight)       Turns: 6185, Time: 00:11:00

Health: 0/54       AC: 12    Str: 13      XL:     7   Next: 44%
Magic:  9/11       EV: 12    Int: 12 (13) God:    Lugonu [**....]
Gold:   320        SH:  0    Dex: 14      Spells: 8/11 levels left

rFire   . . .      SeeInvis .   c - +0 falchion (protect)
rCold   . . .      Faith    .   (no shield)
rNeg    . . .      Spirit   .   b - +0 leather armour
rPois   .          Reflect  .   (helmet restricted)
rElec   .          Harm     .   o - +0 cloak
rCorr   .          Rampage  .   e - +0 pair of gloves
Will    .....                   (no boots)
Stlth   ++........              (no amulet)
HPRegen 0.18/turn               (no ring)
MPRegen 0.24/turn               (no ring)

@: under a protective aura, very slightly contaminated
A: antennae 2, powered by death 2, magic regeneration
a: Renounce Religion, Depart the Abyss, Bend Space


You were on level 5 of the Dungeon.
You worshipped Lugonu.
Lugonu was pleased with you.
You visited 1 branch of the dungeon, and saw 5 of its levels.
You visited the Abyss 1 time.

You collected 320 gold pieces.

Inventory:

Hand Weapons
 a - a +1 falchion
 c - a +0 falchion of protection (weapon)
 f - a +0 rapier
Missiles
 h - 17 poisoned darts
Armour
 b - a +0 leather armour (worn)
 e - a +0 pair of gloves (worn)
 o - a +0 cloak (worn)
Magical Staves
 w - a staff of death
Wands
 m - a wand of flame (22)
Scrolls
 d - a scroll of amnesia
 g - a scroll of vulnerability
 k - a scroll of immolation
 l - a scroll of noise
 n - a scroll of teleportation {unknown}
 p - a scroll of enchant armour {unknown}
 r - a scroll of silence {unknown}
 s - 2 scrolls of blinking {unknown}
 t - 2 scrolls of enchant weapon {unknown}
 x - a scroll of holy word {unknown}
Potions
 i - 3 potions of lignification
 j - a potion of heal wounds {unknown}
 q - 2 potions of curing
 u - a potion of attraction {unknown}


   Skills:
 + Level 4.1 Fighting
 + Level 4.1 Long Blades
 + Level 2.5 Armour
 + Level 2.7 Dodging
 + Level 1.3 Stealth
 + Level 2.8 Spellcasting
 + Level 3.2 Summonings
 + Level 2.7 Invocations


You had 8 spell levels left.
You knew the following spells:

 Your Spells              Type           Power      Damage    Failure   Level
a - Summon Small Mammal   Summ           36%        N/A       9%          1
b - Wereblood             Tmut           1%         N/A       43%         2

Your spell library contained the following spells:

 Spells                   Type           Power      Damage    Failure   Level
 Call Canine Familiar     Summ           9%         N/A       26%         3
 Sublimation of Blood     Necr           0%         N/A       43%         2
 Summon Guardian Golem    Hex/Summ       5%         N/A       43%         3
 Summon Hydra             Summ           4%         N/A       100%        7


Dungeon Overview and Level Annotations

Branches:
Dungeon (5/15)
 Temple: D:4-7

Altars:
Vehumet
Zin


Innate Abilities, Weirdness & Mutations

You have a pair of antennae on your head.
You regenerate health from kills.
You regenerate magic rapidly.


Message History

The iguana bites you but does no damage.
You barely miss the iguana.
The iguana is severely wounded.
Your bat hits the iguana but does no damage.
Your rat bites the iguana but does no damage.
The iguana bites you.
You slash the iguana!
You kill the iguana!
Lugonu accepts your kill.
You swap places.
Your rat disappears in a puff of smoke!
Your bat disappears in a puff of smoke!
Found an escape hatch in the floor.
You sense a monster nearby.
You now have 320 gold pieces (gained 10).
An ogre comes into view. It is wielding a +0 giant club.
The ogre shouts!
The ogre hits you with a +0 giant club.
Casting: Summon Small Mammal (safe; 9% risk of failure)
Press: ? - help, Q - select action, (/) - cycle Dir - look around, f - activate You miscast Summon Small Mammal.
You are very lightly contaminated with residual magic.
Nothing appears to happen.
Casting: Summon Small Mammal (safe; 9% risk of failure)
Press: ? - help, Q - select action, (/) - cycle Dir - look around, f - activate The ogre hits you with a +0 giant club!
Casting: Summon Small Mammal (safe; 9% risk of failure)
Press: ? - help, Q - select action, (/) - cycle Dir - look around, f - activate Your bat hits the ogre.
The ogre hits you with a +0 giant club.
Your bat hits the ogre. x3
Your bat barely misses the ogre.
Your bat hits the ogre.
Your bat barely misses the ogre.
The ogre hits you with a +0 giant club!!
You hit the ogre but do no damage.
Your weapon exudes an aura of protection.
The ogre is lightly wounded.
Your bat hits the ogre. x2
Your bat hits the ogre but does no damage.
The ogre hits you with a +0 giant club!
You die...

....#.#
#.#.# #>
#..#.#
#.#.. .
#....#
#+#### #
#...#.###
#####.#
##..#
##.b.####
###
#..bO...+
+..
##..@####
### ##..#
#####.#
#.....#
#.##### #+#
#####.#####
#.#
#.........#
#.#
#.###.###.#
##.##
#.###.##
##...##


You could see an ogre (ally target) and 2 friendly bats.

Vanquished Creatures
  Menkaure (D:5)
  2 scorpions (D:4)
  2 hounds (D:4)
  A bullfrog skeleton (D:5)
  2 centaur skeletons (D:5)
  2 iguanas
  An orc wizard (D:4)
  3 adders
  An ufetubus (D:4)
  An adder skeleton (D:4)
  A dart slug (D:2)
  5 orcs
  4 bats
  7 endoplasms
  3 giant cockroaches
  4 goblins
  3 hobgoblins
  7 jackals
  6 kobolds
  3 quokkas
  6 ball pythons
  5 frilled lizards
  6 rats
76 creatures vanquished.

Vanquished Creatures (collateral kills)
  A black bear (D:5)
  An orc priest (D:4)
  An iguana (D:5)
  An ufetubus (D:4)
  A goblin (D:4)
  A frilled lizard (D:3)
6 creatures vanquished.

Grand Total: 82 creatures vanquished

Notes
Turn   | Place    | Note
-------+----------+-------------------------------------------
     0 | Abyss:1  | Tocho the Demonspawn Abyssal Knight began the quest for the
                  | Orb.
     0 | Abyss:1  | Reached XP level 1. HP: 18/18 MP: 2/2
    57 | Abyss:1  | Found a corrupted altar of Lugonu.
    70 | Abyss:1  | Noticed a wretched star
    71 | D:1      | Escaped the Abyss
   377 | D:1      | Gained mutation: You regenerate magic rapidly. [demonic
                  | ancestry]
   377 | D:1      | Reached XP level 2. HP: 17/24 MP: 3/3
   488 | D:1      | Found a faded altar of an unknown god.
   506 | D:1      | Reached * piety under Lugonu
   516 | D:1      | Reached skill level 1 in Dodging
  1337 | D:2      | Gained mutation: You have a pair of small antennae on your
                  | head. [demonic ancestry]
  1337 | D:2      | Reached XP level 3. HP: 26/29 MP: 5/5
  1803 | D:2      | Learned a level 1 spell: Summon Small Mammal
  2709 | D:3      | Gained mutation: You regenerate a little health from kills.
                  | [demonic ancestry]
  2709 | D:3      | Reached XP level 4. HP: 32/36 MP: 0/6
  3585 | D:4      | Reached skill level 1 in Spellcasting
  3666 | D:4      | Reached ** piety under Lugonu
  3748 | D:4      | HP: 2/55 [orc priest/divine providence (10)]
  3751 | D:4      | Reached skill level 1 in Stealth
  3751 | D:4      | Reached skill level 1 in Summonings
  3751 | D:4      | Gained mutation: You regenerate health from kills. [demonic
                  | ancestry]
  3751 | D:4      | Reached XP level 5. HP: 5/42 MP: 5/7
  3753 | D:4      | HP: 1/63 [orc wizard/magic dart (5)]
  4153 | D:4      | Learned a level 2 spell: Wereblood
  4575 | D:4      | Gained mutation: You have a pair of antennae on your head.
                  | [demonic ancestry]
  4575 | D:4      | Reached XP level 6. HP: 24/48 MP: 8/8
  5055 | D:4      | Found a radiant altar of Vehumet.
  5345 | D:5      | Entered Level 5 of the Dungeon
  5798 | D:5      | Reached XP level 7. HP: 16/53 MP: 7/10
  5926 | D:5      | Noticed Menkaure
  5956 | D:5      | Killed Menkaure
  6185 | D:5      | Slain by an ogre

Illustrated notes

Levels and vault maps discovered:
D:1:      saegor_arrival_under_anarchy, layout_basic,
          hellmonk_ecumenical_altar_arch_garden, wad_floor_pattern_1
D:2:      minmay_inner_zag, layout_basic, chequers_avenue, st_stairs_4
D:3:      layout_loops_corners, kennysheep_generic_room_15
D:4:      layout_basic, mainiacjoe_overflow_catwalk,
          nicolae_overflow_hidden_temple
D:5:      layout_loops_corners, uniq_ijyb, uniq_menkaure

Skill      XL: |  1  2  3  4  5  6  7 |
---------------+----------------------+-----
Dodging        | 1 2 |  2.7
Armour         | 2 |  2.5
Long Blades    | 2 3 4 |  4.1
Spellcasting   | 1 2 |  2.8
Stealth        | 1 |  1.3
Summonings     | 1 3 |  3.2
Fighting       | 4 |  4.1
Invocations    | |  2.7

Action                   |  1- 3 |  4- 6 |  7- 9 || total
-------------------------+-------+-------+-------++-------
Melee: Falchion          |   114 |   163 |    30 ||   307
 Cast: Summon Small Mamm |    13 |    61 |     6 ||    80
Invok: Depart the Abyss  |     1 |       |       ||     1
  Use: Potion            |       |     6 |       ||     6
       Scroll            |       |     3 |     1 ||     4
 Stab: Sleeping          |     1 |     2 |       ||     3
       Distracted        |       |     2 |       ||     2
Armor: Leather armour    |    32 |    90 |    12 ||   134
       Skin              |       |    16 |       ||    16
Dodge: Dodged            |    60 |   136 |    15 ||   211

Table legend: (Time is in decaauts)
 A = Elapsed time spent in this place.
 B = Non-inter-level travel time spent in this place.
 C = Inter-level travel time spent in this place.
 D = Time resting spent in this place.
 E = Time spent auto-exploring this place.
 F = Levels seen in this place.
 G = Mean time per level.
                   A        B        C        D        E       F      G
               +--------+--------+--------+--------+--------+-----+--------+
         Total |   6231 |   5886 |    345 |    789 |   4144 |   6 | 1038.5 |
       Dungeon |   6160 |   5815 |    345 |    789 |   4076 |   5 | 1232.0 |
         Abyss |     71 |     71 |      0 |      0 |     68 |   1 |   71.0 |
               +--------+--------+--------+--------+--------+-----+--------+

Top non-repeatable levels by time:
     D:4: 1917 daAuts
     D:2: 1154 daAuts
     D:3: 1126 daAuts
     D:1: 1115 daAuts
     D:5: 846 daAuts
 Abyss:1: 71 daAuts
